Map: Habitation Station LE (Void)

Players

Wolverine

  • Race: Zerg Zerg
  • League: Diamond
  • Spawn Location: 11:00

Silverman - Winner!

  • Race: Protoss Protoss
  • League: Platinum
  • Spawn Location: 1:00

VOD

Have the link to the VOD?

Description

Time

  • Played on: Dec. 17, 2016, 4:44 p.m.
  • Length: 16:02
Show
View Real Time Build Order
Export as new Build Order

Wolverine Zerg 

Build Orders: Pool First 

Get SALT Encoding   

  12  0:01  Drone  
  13  0:13  Overlord  
  13  0:18  Drone  
  14  0:32  Drone  
  14  0:33  Drone  
  16  0:39  Drone  
  17  0:46  Drone  
  18  0:50  Extractor  
  18  0:51  Spawning Pool  
  16  0:58  Drone  
  17  1:09  Drone  
  18  1:21  Hatchery  
  18  1:24  Drone  
  18  1:29  Drone  
  19  1:39  Queen  
  21  1:44  Zergling x2  
  22  1:51  Metabolic Boost  
  22  1:57  Overlord  
  22  2:15  Queen  
  24  2:28  Zergling x4  
  24  2:29  Zergling x2  
  27  2:36  Zergling x2  
  28  2:46  Zergling x2  
  28  2:47  Zergling x4  
  31  2:52  Overlord  
  31  2:59  Drone  
  31  3:05  Drone x2  
  34  3:09  Drone  
  34  3:12  Hatchery  
  34  3:14  Drone  
  34  3:16  Drone  
  36  3:25  Drone  
  36  3:26  Drone  
  36  3:27  Drone  
  37  3:32  Drone x2  
  39  3:38  Drone x2  
  41  3:51  Drone x3  
  41  3:52  Overlord  
  44  3:55  Overlord  
  44  3:58  Pneumatized Carapace  
  44  4:10  Extractor, Queen  
  44  4:11  Extractor  
  44  4:14  Evolution Chamber  
  44  4:16  Drone x4  
  47  4:23  Drone, Roach Warren  
  47  4:33  Drone x4  
  51  4:42  Lair  
  51  4:48  Spore Crawler  
  51  4:49  Spore Crawler  
  51  4:50  Spore Crawler  
  48  4:53  Spore Crawler  
  48  4:57  Drone x2  
  48  4:58  Spore Crawler  
  49  5:00  Drone x2  
  49  5:05  Overlord x2  
  50  5:12  Overlord  
  50  5:13  Drone x3  
  53  5:15  Drone  
  53  5:20  Drone x2  
  56  5:29  Drone x2  
  56  5:33  Drone x3  
  61  5:36  Zerg Missile Weapons Level 1, Extractor  
  61  5:40  Roach x2  
  64  5:47  Overlord x2  
  64  5:48  Drone  
  64  5:49  Drone x3  
  68  6:00  Extractor  
  68  6:02  Roach x3  
  73  6:10  Queen  
  75  6:11  Hydralisk Den  
  75  6:12  Drone  
  75  6:15  Drone x4  
  75  6:16  Spore Crawler  
  78  6:20  Queen  
  80  6:26  Spore Crawler  
  80  6:28  Spore Crawler  
  78  6:37  Drone x3  
  78  6:38  Drone  
  82  6:42  Drone x6  
  82  6:43  Queen  
  90  6:54  Queen  
  87  7:00  Queen  
  87  7:13  Zergling x4  
  87  7:14  Zergling x2  
  87  7:18  Queen  
  85  7:25  Drone x3  
  85  7:26  Zergling x2  
  85  7:28  Overlord  
  85  7:29  Overlord x2  
  89  7:31  Extractor  
  89  7:32  Hatchery  
  87  7:38  Drone x2  
  87  7:40  Muscular Augments, Hatchery  
  88  7:53  Hydralisk x5  
  88  7:54  Hydralisk x4  
  106  8:00  Drone  
  103  8:14  Zergling x2  
  103  8:15  Roach x4  
  112  8:29  Extractor x2  
  112  8:30  Hydralisk x2  
  112  8:32  Overlord  
  112  8:33  Overlord x3  
  114  8:40  Zerg Ground Armor Level 1, Glial Reconstitution  
  114  8:44  Ravager x2  
  114  8:45  Overlord, Ravager x2  
  114  8:46  Overlord x4  
  118  8:57  Hydralisk x3  
  118  8:58  Hydralisk x5  
  134  9:04  Zergling x2  
  134  9:05  Zergling x8  
  139  9:12  Spore Crawler x2  
  139  9:13  Queen  
  139  9:18  Drone x2  
  139  9:20  Drone x3  
  144  9:25  Lurker Den  
  144  9:26  Baneling Nest  
  143  9:35  Zergling x6  
  143  9:36  Zergling x10  
  128  10:01  Hydralisk x9  
  145  10:10  Drone x2  
  108  10:29  Overseer  
  108  10:32  Hatchery  
  108  10:33  Hydralisk x4  
  107  10:44  Hydralisk x4  
  115  10:55  Hydralisk  
  115  10:56  Hydralisk  
  102  11:13  Drone x2  
  102  11:15  Spore Crawler  
  102  11:17  Hydralisk x3  
  109  11:30  Drone x3  
  112  11:36  Drone x3  
  112  11:37  Drone  
  116  11:43  Zergling x6  
  116  11:44  Zergling x2  
  120  11:51  Drone x4  
  124  12:02  Drone x2  
  124  12:04  Drone x2  
  124  12:05  Drone x5  
  133  12:15  Hydralisk x2  
  132  12:16  Hydralisk  
  132  12:20  Centrifical Hooks  
  138  12:23  Drone x2  
  140  12:33  Hydralisk x4  
  148  12:45  Hydralisk  
  148  12:46  Hydralisk x4  
  158  12:53  Zerg Missile Weapons Level 2  
  159  12:58  Drone x3  
  159  12:59  Drone x2  
  159  13:04  Hatchery  
  162  13:07  Hydralisk x2  
  166  13:17  Zergling x14  
  166  13:18  Zergling x2  
  155  13:37  Hydralisk  
  155  13:38  Hydralisk x6  
  168  13:43  Baneling x7  
  168  13:44  Baneling x2  
  168  14:03  Hydralisk x2  
  168  14:04  Hydralisk x3  
  178  14:14  Extractor  
  176  14:27  Hydralisk x2  
  176  14:28  Hydralisk x5  
  190  14:35  Drone x2  
  190  14:36  Drone x4  
  119  14:55  Hydralisk  
  119  14:57  Hydralisk  
  119  14:58  Hydralisk x5  
  110  15:04  Spore Crawler  
  110  15:06  Spore Crawler, Hydralisk x2  
  112  15:11  Hydralisk  
  112  15:12  Hydralisk  
  116  15:32  Hydralisk  
  116  15:33  Hydralisk x6  
Show
View Real Time Build Order
Export as new Build Order

Silverman Protoss - Winner!

Build Orders: 1 Gate Expand 

Get SALT Encoding   

  12  0:00  Probe (Chrono Boost)  
  13  0:11  Probe (Chrono Boost)  
  14  0:20  Pylon  
  14  0:22  Probe (Chrono Boost)  
  15  0:38  Probe (Chrono Boost)  
  15  0:40  Gateway  
  16  0:46  Assimilator  
  16  0:49  Probe (Chrono Boost)  
  17  0:59  Probe (Chrono Boost)  
  18  1:10  Probe (Chrono Boost)  
  19  1:20  Probe (Chrono Boost)  
  20  1:26  Nexus  
  20  1:34  Probe (Chrono Boost)  
  21  1:41  Cybernetics Core  
  21  1:45  Probe (Chrono Boost)  
  22  1:51  Pylon  
  22  2:01  Probe (Chrono Boost)  
  23  2:04  Assimilator  
  23  2:08  Zealot  
  23  2:11  Warp Gate  
  23  2:13  Probe (Chrono Boost)  
  26  2:25  Probe (Chrono Boost)  
  28  2:37  Probe (Chrono Boost)  
  28  2:38  Adept  
  28  2:39  Mothership Core (Chrono Boost)  
  31  2:49  Probe (Chrono Boost)  
  32  2:57  Probe (Chrono Boost), Pylon  
  33  2:59  Assimilator  
  33  3:01  Probe (Chrono Boost)  
  34  3:07  Adept  
  34  3:08  Probe (Chrono Boost)  
  38  3:13  Probe (Chrono Boost)  
  39  3:20  Probe (Chrono Boost)  
  39  3:25  Probe (Chrono Boost)  
  40  3:31  Adept  
  40  3:32  Probe (Chrono Boost)  
  41  3:37  Probe (Chrono Boost)  
  44  3:47  Stargate x2  
  44  3:50  Probe x2 (Chrono Boost)  
  44  3:55  Assimilator  
  50  4:02  Probe (Chrono Boost)  
  50  4:03  Probe (Chrono Boost)  
  50  4:07  Pylon  
  48  4:14  Probe (Chrono Boost)  
  48  4:15  Probe (Chrono Boost)  
  50  4:20  Stalker  
  52  4:26  Probe (Chrono Boost)  
  52  4:27  Probe (Chrono Boost)  
  52  4:30  Pylon  
  52  4:31  Oracle x2  
  61  4:46  Probe (Chrono Boost)  
  61  4:57  Probe (Chrono Boost)  
  61  4:58  Probe (Chrono Boost)  
  61  4:59  Pylon  
  63  5:02  Oracle x2  
  69  5:14  Nexus  
  69  5:18  Pylon  
  69  5:20  Probe x2 (Chrono Boost)  
  71  5:26  Zealot  
  73  5:33  Oracle x2  
  73  5:35  Gateway  
  73  5:37  Gateway  
  73  5:38  Gateway  
  73  5:42  Probe x2 (Chrono Boost)  
  83  6:04  Probe x2 (Chrono Boost)  
  83  6:06  Oracle  
  86  6:16  Pylon  
  86  6:21  Oracle  
  86  6:28  Probe x2 (Chrono Boost)  
  91  6:38  Gateway  
  91  6:39  Probe (Chrono Boost)  
  94  6:40  Probe (Chrono Boost)  
  94  6:41  Probe (Chrono Boost)  
  90  6:52  Oracle  
  90  6:53  Probe (Chrono Boost)  
  94  7:02  Zealot  
  96  7:23  Oracle  
  99  7:32  Twilight Council  
  99  7:33  Probe (Chrono Boost)  
  99  7:35  Probe x2 (Chrono Boost), Fleet Beacon  
  99  7:37  Assimilator  
  102  7:39  Assimilator  
  102  7:43  Protoss Air Weapons Level 1  
  103  7:44  Probe (Chrono Boost)  
  103  7:47  Probe x2 (Chrono Boost)  
  105  8:00  Probe x3 (Chrono Boost)  
  105  8:02  Pylon  
  108  8:15  Oracle x2  
  108  8:20  Pylon  
  108  8:21  Zealot  
  108  8:24  Graviton Catapult  
  116  8:29  Stargate  
  116  8:40  Carrier  
  116  8:50  Charge  
  122  9:07  Pylon  
  122  9:08  Pylon  
  122  9:13  Carrier  
  122  9:15  Carrier  
  122  9:16  Pylon  
  122  9:19  Pylon  
  122  9:22  Pylon  
  134  9:34  Zealot  
  134  9:35  Zealot x4  
  144  9:42  Gateway  
  144  9:44  Gateway  
  144  9:47  Gateway  
  144  9:48  Gateway  
  144  9:49  Gateway  
  144  9:51  Gateway  
  144  9:54  Gateway  
  144  9:58  Carrier  
  130  10:13  Zealot x4  
  130  10:14  Zealot  
  132  10:32  Carrier x2  
  132  10:41  Zealot x5  
  148  11:22  Zealot x5  
  148  11:23  Zealot x3  
  148  11:24  Pylon  
  164  11:26  Pylon  
  164  11:28  Pylon  
  164  11:31  Pylon  
  164  11:33  Pylon  
  164  11:42  Carrier  
  164  11:44  Zealot  
  164  11:46  Carrier  
  166  11:50  Protoss Air Weapons Level 2, Carrier  
  172  11:59  Forge  
  184  12:22  Nexus  
  184  12:49  Protoss Ground Weapons Level 1  
  184  12:56  Carrier  
  184  13:01  Carrier  
  196  13:28  Carrier  
  196  13:51  Assimilator  
  196  13:56  Assimilator  
  178  15:04  Nexus  
  178  15:11  Zealot x3  
  178  15:12  Zealot x3  
  178  15:13  Zealot  
  192  15:14  Zealot x3  
  192  15:15  Zealot  
Tags
 
Add a new tag
Caveats
  • Supply blocks, unpowered buildings, or Contaminate may cause inaccurate times.
  • Supply counts are checked every 10 seconds.